AoeStats
← shehrum2014

Arena

509117898Analyzed
1v1 RM · 6d ago on Sep 25, 2026· 40m 2s· 2 players
Game mode
Random Map
Map size
Tiny (2 player)
Population
200
Speed
Normal
Resources
Standard
Victory
Conquest
Starting age
Dark Age
Ending age
Imperial Age
RankedLock teamsTeams togetherTeam positionsShared explorationLock speedFull tech treeHidden civsTurbo modeCheats
Victory
Defeat
🇩🇪 Franks · Germany
1265
+18
🇵🇰 Spanish · Pakistan
1313
-18
shehrum2014
10:04 Feudal Age
10:30 Feudal Age
14:17 Castle Age
12:53 Double-Bit Axe
14:36 Loom
24:31 Horse Collar
26:47 Wheelbarrow
30:35 Imperial Age
28:31 Bow Saw
29:52 Padded Archer Armor
33:13 Leather Archer Armor
Sir Pommes
10:29 Feudal Age
9:02 Loom
14:47 Castle Age
19:47 Double-Bit Axe
23:15 Fletching
26:24 Wheelbarrow
31:17 Imperial Age
31:19 Bow Saw
33:19 Chemistry
34:30 Padded Archer Armor
Connection lost

Rejoining the realm…

Still unreachable

The connection could not be restored.

Session expired

The server has moved on; the page needs a fresh start.